 Dungeon Crawl Stone Soup version 0.29.1-13-g9f3cf754e1 (webtiles) character file.

Game seed: 3250256651972778529

34 unlimited1921 the Shooter (level 3, -11/30 HPs)
             Began as a Minotaur Hunter on Jan 30, 2023.
             Killed by an exploding adder (18 damage)
             ... ignited by their inner flame
             ... on level 2 of the Dungeon.
             The game lasted 00:05:31 (1519 turns).

unlimited1921 the Shooter (Minotaur Hunter)         Turns: 1519, Time: 00:05:31

Health: -11/30     AC:  4    Str: 17    XL:     3   Next: 14%
Magic:  2/2        EV: 12    Int:  6    God:
Gold:   45         SH:  0    Dex: 13    Spells: 2/2 levels left

rFire   + . .      SeeInvis .   h - +2 short sword (venom)
rCold   x . .      Faith    .   (no shield)
rNeg    . . .      Spirit   .   c - +0 leather armour
rPois   .          Reflect  .   (helmet restricted)
rElec   .          Harm     .   k - +0 cloak
rCorr   .          Rampage  .   (no gloves)
Will    .....                   (no boots)
Stlth   +.........              (no amulet)
HPRegen 0.10/turn               g - ring of fire
MPRegen 0.08/turn               (no ring)

@: no status effects
A: horns 2, retaliatory headbutt
a: no special abilities


You were on level 2 of the Dungeon.
You visited 1 branch of the dungeon, and saw 2 of its levels.

You collected 45 gold pieces.

Inventory:

Hand Weapons
 a - a +0 shortbow
 h - a +2 short sword of venom (weapon)
Armour
 c - a +0 leather armour (worn)
 j - a +0 ring mail
 k - a +0 cloak (worn)
Jewellery
 g - a ring of fire (left hand)
Scrolls
 b - 2 scrolls of immolation
 d - a scroll of acquirement {unknown}
 e - a scroll of poison {unknown}
 f - a scroll of vulnerability {unknown}
 i - a scroll of noise {unknown}


   Skills:
 + Level 2.5 Fighting
 + Level 5.3 Ranged Weapons
 + Level 0.2 Armour
 + Level 2.2 Dodging
 + Level 0.8 Stealth
 * Level 0.4 Spellcasting


You had 2 spell levels left.
You didn't know any spells.
Your spell library contained the following spells:

 Spells                   Type           Power      Damage    Failure   Level
 Foxfire                  Conj/Fire      0%         2x1d4     50%         1
 Conjure Flame            Conj/Fire      0%         6-21      86%         3
 Inner Flame              Hex/Fire       0%         N/A       86%         3
 Flame Wave               Conj/Fire      0%         2d4       99%         4


Dungeon Overview and Level Annotations

Branches:
Dungeon (2/15)

Altars:

Shops:
D:2 [=


Innate Abilities, Weirdness & Mutations

You have a pair of horns on your head.
You reflexively headbutt those who attack you in melee.


Message History

The adder barely misses you. The adder bites you.
You are too injured to fight recklessly!
You are too injured to fight recklessly!
You are too injured to fight recklessly!
You are too injured to fight recklessly!
You are too injured to fight recklessly!
You are too injured to fight recklessly!
You are too injured to fight recklessly!
You are too injured to fight recklessly!
You don't know any spells.
You are too injured to fight recklessly!
Unknown command.
Unknown command.
Your +2 short sword of venom begins to drip with poison!
h - a +2 short sword of venom (weapon)
You don't know any spells.
You are too injured to fight recklessly!
An adder is nearby!
You don't know any spells.
Unknown command.
An adder is nearby!
As you read the scroll of immolation, it crumbles to dust.
The creatures around you are filled with an inner flame!
The adder closely misses you. The adder bites you.
* * * LOW HITPOINT WARNING * * *
The adder attacks as you move away! The adder bites you but does no damage.
The adder closely misses you. The adder attacks as you move away!
The adder bites you.
* * * LOW HITPOINT WARNING * * *
The adder attacks as you move away! The adder bites you but does no damage.
The adder attacks as you move away! The adder bites you.
* * * LOW HITPOINT WARNING * * *
The adder misses you. The adder attacks as you move away!
The adder closely misses you. The adder attacks as you move away!
The adder barely misses you. x2
You furiously retaliate!
You headbutt the adder!
The adder explodes!
The fiery explosion engulfs you!! You resist.
Ouch! That really hurt!
You die...

..# #.# P.# #.# P.# #.#
P.## #.# ...# ##.## ...#
##...## #.# #..#
#####.#.#.# #.# ...#
#§§§....#.# #.# ...#
#@###.###.# #.# ...# #.#
##...## #.# ##.# ######.#
##### #.# ##.# #......#
#.# ...#
#.####.###########.# ####
### #.#.....∩......†...#
##.###>#.##.##########..#
##.#.#....##.# #.##
#.###..#..##.# #.#


There were no monsters in sight!

Vanquished Creatures
  An adder (D:2)
  2 endoplasms (D:1)
  A giant cockroach (D:1)
  4 goblins
  2 hobgoblins
  2 jackals (D:2)
  A quokka (D:2)
  3 ball pythons
  5 bats
  A frilled lizard (D:1)
  4 kobolds (D:1)
  7 rats
33 creatures vanquished.

Vanquished Creatures (others)
  5 plants (D:2)
5 creatures vanquished.

Grand Total: 38 creatures vanquished

Notes
Turn   | Place    | Note
-------+----------+-------------------------------------------
     0 | D:1      | unlimited1921 the Minotaur Hunter began the quest for the
                  | Orb.
     0 | D:1      | Reached XP level 1. HP: 18/18 MP: 0/0
   240 | D:1      | Reached XP level 2. HP: 25/25 MP: 1/1
   462 | D:1      | Reached skill level 5 in Ranged Weapons
   989 | D:2      | Found Zut Ucai's Jewellery Shop.
  1166 | D:2      | Reached XP level 3. HP: 30/30 MP: 2/2
  1185 | D:2      | Found Lucis's Armour Emporium.
  1519 | D:2      | Killed by an exploding adder... ignited by their inner
                  | flame

Illustrated notes

Levels and vault maps discovered:
D:1:      minmay_arrival_jagged, layout_basic
D:2:      cheibrodos_old_hovel, layout_loops_ring, serial_shops,
          nicolae_shop_bloodbath_and_beyond, shop, shop,
          nicolae_shop_waterfront, uniq_jessica

Skill      XL: |  1  2 |
---------------+-------+-----
Ranged Weapons | 5 |  5.3
Fighting       | |  2.5
Armour         | |  0.2
Dodging        | |  2.2
Stealth        | |  0.8
Spellcasting   | |  0.4

Action                   || total
-------------------------++-------
 Fire: Shortbow          ||    72
  Use: Scroll            ||     1
Armor: Leather armour    ||    14
Dodge: Dodged            ||    22
